 Dungeon Crawl Stone Soup version 0.29-a0-371-g91724d5b39 (webtiles) character file.

Game seed: 5734011321959497989

3315 domi the Caller (level 9, -3/85 HPs)
             Began as a Demonspawn Hedge Wizard on May 2, 2022.
             Was an Initiate of Gozag.
             Slain by a white ugly thing (13 damage)
             ... on level 8 of the Dungeon.
             The game lasted 00:25:31 (13817 turns).

domi the Caller (Demonspawn Hedge Wizard)          Turns: 13817, Time: 00:25:32

Health: -3/85      AC: 24    Str: 11    XL:     9   Next: 71%
Magic:  6/16       EV:  2    Int: 20    God:    Gozag
Gold:   137        SH:  5    Dex: 12    Spells: 0/17 levels left

rFire   . . .      SeeInvis +   t - +1 short sword (venom)
rCold   . . .      Faith    .   (no shield)
rNeg    . . .      Spirit   .   (body armour currently unavailable)
rPois   +          Reflect  +   (helmet currently unavailable)
rElec   .          Harm     .   (cloak currently unavailable)
rCorr   .          Rampage  .   (gloves currently unavailable)
Will    +....      NoTele   +   (boots currently unavailable)
Stlth   ++........              j - amulet of reflection
HPRegen 0.24/turn               f - ring of see invisible {sInv}
MPRegen 0.30/turn               G - ring of willpower

@: tree-form
A: stationary, stasis, torment immunity, boosted hp, (thin metallic scales 1),
ignite blood 1, magic regeneration, (demonic touch 1)
a: Renounce Religion, Potion Petition, Call Merchant, Bribe Branch


You were on level 8 of the Dungeon.
You worshipped Gozag.
Gozag was aware of your devotion.
You were a tree.
You visited 2 branches of the dungeon, and saw 9 of its levels.
You also visited: Ossuary.

You collected 975 gold pieces.
You spent 660 gold pieces at shops.
You paid 178 gold pieces to Gozag.

Inventory:

Hand Weapons
 a - a +0 dagger
 g - a +3 long sword
   (You found it on level 1 of the Dungeon)
 t - a +1 short sword of venom (weapon)
   (You took it off a kobold on level 2 of the Dungeon)
Missiles
 h - 3 poisoned darts
Armour
 b - a +0 robe (melded)
 c - a +0 hat (melded)
 K - a +0 pair of boots (melded)
   (You found it on level 6 of the Dungeon)
Magical Staves
 n - a staff of poison {rPois}
   (You found it on level 1 of the Dungeon)
 P - a staff of conjuration {!a}
   (You found it on level 6 of the Dungeon)
 S - a staff of fire {rF+}
   (You found it on level 7 of the Dungeon)
Jewellery
 f - a ring of see invisible (left branch) {sInv}
   (You found it on level 1 of the Dungeon)
 j - an amulet of reflection (around neck)
   (You found it on level 1 of the Dungeon)
 s - an amulet of guardian spirit {Spirit}
   (You found it on level 2 of the Dungeon)
 G - a ring of willpower (right branch)
   (You found it on level 3 of the Dungeon)
 I - an amulet of regeneration {+regen, !d}
   (You found it on level 4 of the Dungeon)
 O - a ring of positive energy {rN+}
   (You found it on level 6 of the Dungeon)
 Q - a +4 ring of protection
   (You found it on level 7 of the Dungeon)
 V - a ring of poison resistance {rPois}
   (You found it on level 8 of the Dungeon)
Wands
 U - a wand of acid (5)
   (You found it on level 8 of the Dungeon)
Scrolls
 o - 6 scrolls of teleportation {unknown}
 p - 4 scrolls of holy word {unknown}
 q - 3 scrolls of blinking {unknown}
 u - 2 scrolls of enchant armour {unknown}
 v - 2 scrolls of torment {unknown}
 y - 11 scrolls of identify {@r1}
 z - a scroll of enchant weapon {unknown}
 A - 2 scrolls of fog {unknown}
 B - a scroll of noise {unknown}
 E - 2 scrolls of vulnerability {unknown}
 F - a scroll of silence {unknown}
 H - 3 scrolls of fear {unknown}
 M - a scroll of amnesia {unknown}
 N - a scroll of acquirement {unknown}
 T - a scroll of magic mapping {unknown}
Potions
 d - 3 potions of might {unknown}
 e - 4 potions of curing {@q1}
 i - 2 potions of heal wounds {unknown}
 k - 3 potions of mutation {!q!q}
 l - a potion of experience {unknown}
 m - 2 potions of lignification {!q!q}
 r - 4 potions of degeneration {unknown}
 w - a potion of resistance {unknown}
 x - 3 potions of flight
 C - a potion of invisibility {unknown}
 D - a potion of attraction {unknown}
 J - a potion of ambrosia {unknown}
 L - a potion of berserk rage {unknown}
 R - 2 potions of cancellation {unknown}


   Skills:
 - Level 1.7 Dodging
 - Level 1.7 Stealth
 + Level 4.8 Spellcasting
 - Level 5.9 Conjurations
 * Level 6.2 Summonings
 - Level 0.8 Translocations
 - Level 4.4 Fire Magic
 * Level 6.0 Air Magic
 - Level 5.0 Poison Magic


You couldn't memorise any spells.
You knew the following spells:

 Your Spells              Type           Power      Damage    Failure   Level
b - Blink                 Tloc           16%        N/A       13%         2
c - Mephitic Cloud        Conj/Pois/Air  27%        N/A       3%          3
v - Fireball              Conj/Fire      12%        3d7       36%         5
x - Call Imp              Summ           29%        N/A       1%          2
z - Magic Dart            Conj           100%       1d8       1%          1
Z - Summon Lightning Spi  Summ/Air       29%        N/A       10%         4

Your spell library contained the following spells:

 Spells                   Type           Power      Damage    Failure   Level
 Summon Small Mammal      Summ           100%       N/A       1%          1
 Conjure Flame            Conj/Fire      25%        6-21      4%          3
 Slow                     Hex            16%        N/A       12%         1
 Animate Armour           Summ/Erth      34%        N/A       32%         4
 Starburst                Conj/Fire      12%        6d5       91%         6
 Spellforged Servitor     Conj/Summ      14%        N/A       100%        7
 Ignition                 Fire           11%        3d5       100%        8
 Fire Storm               Conj/Fire      12%        8d3       100%        9


Dungeon Overview and Level Annotations

Branches:
Dungeon (8/15)             Temple (1/1) D:6         Ossuary (visited)
   Lair: D:8-11

Altars:
Cheibriados
Dithmenos
Elyvilon
Fedhas
Gozag
Hepliaklqana
Kikubaaqudgha
Makhleb
Nemelex Xobeh
Okawaru
Qazlal
Ru
Sif Muna
Trog
Uskayaw
Vehumet
Wu Jian
Xom
Yredelemnul
Zin
The Shining One

Shops:
D:2 (   D:3 *   D:7 ?![:

Annotations:
D:2 1 runed translucent door, Crazy Yiuf
D:6 6 runed translucent doors


Innate Abilities, Weirdness & Mutations

You are a tree.
Your roots penetrate the ground, keeping you stationary.
You cannot be teleported.
You are immune to unholy pain and torment.
Your maximum health is greatly increased.
Your equipment is partially melded.
((You are partially covered in thin metallic scales. (AC +2)))
Your demonic aura sometimes causes spilled blood to erupt in flames.
You regenerate magic rapidly.
((Your touch may inflict minor irresistible damage on your foes.))


Message History

An electric hum fills the air.
The killer bee buzzes angrily.
You now have 12/16 mp.
A killer bee comes into view.
Your lightning spire shoots out a bolt of lightning at the killer bee!
The bolt of electricity hits the killer bee!
Your lightning spire shoots out a bolt of lightning at the killer bee!
The bolt of electricity hits the killer bee!
The killer bee dies!
Your lightning spire shoots out a bolt of lightning at the killer bee!
The bolt of electricity hits the killer bee!
You miss the killer bee. The killer bee stings you. The killer bee misses you.
Your lightning spire shoots out a bolt of lightning at the killer bee!
The bolt of electricity hits the killer bee.
The killer bee dies!
Your Air Magic skill increases to level 6!
You take 5 damage, and have 52/57 hp.
Your lightning spire disappears in a puff of smoke!
You now have 133 gold pieces (gained 5).
You now have 137 gold pieces (gained 4).
A white ugly thing comes into view.
Health restored: 57; MP restored: 16 A white ugly thing is nearby!
A white ugly thing is nearby!
A white ugly thing is nearby!
A white ugly thing is nearby!
An electric hum fills the air.
The white ugly thing gurgles horribly!
The white ugly thing punches your lightning spire!
The white ugly thing freezes your lightning spire.
Your lightning spire resists.
You now have 12/16 mp.
The white ugly thing punches your lightning spire.
The white ugly thing freezes your lightning spire.
Your lightning spire resists.
Your lightning spire is destroyed!
Your lightning spire disappears in a puff of smoke!
An electric hum fills the air.
The white ugly thing punches your lightning spire but does no damage.
You now have 9/16 mp.
The white ugly thing punches your lightning spire.
The white ugly thing freezes your lightning spire.
Your lightning spire resists.
The white ugly thing punches your lightning spire.
The white ugly thing freezes your lightning spire.
Your lightning spire resists.
Your lightning spire is destroyed!
Your lightning spire disappears in a puff of smoke!
An electric hum fills the air.
The white ugly thing punches your lightning spire but does no damage.
You now have 6/16 mp.
The white ugly thing punches your lightning spire but does no damage.
Your lightning spire shoots out a bolt of lightning at the white ugly thing!
The bolt of electricity misses the white ugly thing.
The white ugly thing punches your lightning spire!
Your lightning spire is destroyed!
Your lightning spire disappears in a puff of smoke!
Aim: a white ugly thing (chance to affect: 43%)
The ball explodes into a vile cloud!
The stinking cloud engulfs the white ugly thing but does no damage.
Something shouts, "Begone, thou canting idle-headed nightsoil!"
The white ugly thing is engulfed in noxious fumes.
You now have 4/16 mp.
A beastly little devil appears in a puff of frigid air.
Your white imp says, "You called?"
The white ugly thing is engulfed in noxious fumes.
You now have 3/16 mp.
The white ugly thing punches your white imp!
Your white imp dies!
Your white imp disappears in a puff of smoke!
Aim: a white ugly thing (71% to hit)
The bolt of acid misses the white ugly thing.
Aim: a white ugly thing (71% to hit)
The bolt of acid misses the white ugly thing.
The white ugly thing closely misses you.
Aim: a white ugly thing (71% to hit)
The bolt of acid hits the white ugly thing!
The acid corrodes the white ugly thing!
The white ugly thing punches you. The white ugly thing freezes you!
You take 17 damage, and have 40/57 hp.
MASSIVE DAMAGE!!
The white ugly thing attacks as you move away!
The white ugly thing punches you. The white ugly thing freezes you!!
* * * LOW HITPOINT WARNING * * *
You take 26 damage, and have 14/57 hp.
MASSIVE DAMAGE!!
Okay, then.
Really quaff
m - 3 potions of lignification {!q!q}?
Really quaff the potion of lignification?
You turn into a tree.
Your +0 hat melds into your body.
Your +0 pair of boots melds into your body.
Your +0 robe melds into your body.
Your roots penetrate the ground.
You block the white ugly thing's attack.
You now have 21/85 hp.
You hit the white ugly thing.
The white ugly thing is poisoned.
The white ugly thing punches you!
* * * LOW HITPOINT WARNING * * *
The white ugly thing freezes you!
You die...
Your body crumbles into a pile of gold.

#........... #.#.
#.#.#.##.# #.#.
#.#.#.##.# #.#.
#.#.#.##.# #.#.
$#.#.#.##.# #.#.
#.#.#.##.#############.#.
#.#....#......)........#.
#........................
#......u♣................
#.#######################
#.# #.# #.# #.# #.


You could see a white ugly thing (very poisoned, corroded).

Vanquished Creatures
  Erica (D:8)
  A steam dragon (D:7)
  A water moccasin (D:5)
  A black bear (D:6)
  2 orc warriors (D:6)
  A sky beast (D:6)
  2 centaurs (D:6)
  2 phantoms
  A nameless horror (D:8)
  5 scorpions
  A bullfrog (D:4)
  3 wights (D:6)
  A killer bee (D:8)
  A jelly (D:7)
  5 orc priests
  6 hounds
  7 iguanas
  3 orc wizards
  A hound zombie (Ossuary)
  3 mummies (Ossuary)
  9 gnolls
  7 adders
  2 shadow imps (D:6)
  4 white imps
  An ufetubus (D:6)
  An adder zombie (Ossuary)
  2 dart slugs
  17 orcs
  6 bats
  6 endoplasms
  3 giant cockroaches
  A gnoll zombie (Ossuary)
  14 goblins
  6 hobgoblins
  5 quokkas
  8 ball pythons
  3 frilled lizards
  A goblin zombie (Ossuary)
  3 hobgoblin zombies (Ossuary)
  11 kobolds
  3 orc zombies (Ossuary)
  11 rats
  A rat zombie (Ossuary)
173 creatures vanquished.

Vanquished Creatures (collateral kills)
  A gnoll sergeant (D:8)
  2 wights
  2 killer bees (D:8)
  A mummy (Ossuary)
  4 gnolls (D:8)
  A white imp (D:6)
  A goblin zombie (Ossuary)
12 creatures vanquished.

Grand Total: 185 creatures vanquished

Notes
Turn   | Place    | Note
-------+----------+-------------------------------------------
     0 | D:1      | domi the Demonspawn Hedge Wizard began the quest for the
                  | Orb.
     0 | D:1      | Reached XP level 1. HP: 13/13 MP: 4/4
   434 | D:1      | Reached skill level 2 in Conjurations
   519 | D:1      | Gained mutation: Your demonic aura sometimes causes spilled
                  | blood to erupt in flames. [demonic ancestry]
   519 | D:1      | Reached XP level 2. HP: 19/19 MP: 0/6
  1388 | D:1      | Reached skill level 3 in Conjurations
  1390 | D:1      | Reached XP level 3. HP: 20/24 MP: 0/7
  2362 | D:2      | Found Nyrhuit's Antique Weapon Boutique.
  2662 | D:2      | Reached XP level 4. HP: 24/30 MP: 0/8
  2665 | D:2      | Learned a level 2 spell: Call Imp
  2668 | D:2      | Learned a level 2 spell: Blink
  2672 | D:2      | Learned a level 3 spell: Mephitic Cloud
  2733 | D:2      | Found a faded altar of an unknown god.
  2891 | D:2      | Reached skill level 4 in Conjurations
  3062 | D:2      | Found a runed translucent door.
  3063 | D:2      | Noticed Crazy Yiuf
  3401 | D:3      | Found Extiokh's Assorted Antiques.
  3834 | D:3      | Reached skill level 5 in Conjurations
  3834 | D:3      | Reached XP level 5. HP: 10/35 MP: 0/9
  3838 | D:3      | HP: 8/35 [kobold/+0 dagger (1)]
  4151 | D:3      | Reached skill level 2 in Summonings
  4825 | D:4      | Reached skill level 3 in Summonings
  4829 | D:4      | HP: 8/35 [poisoned by a scorpion]
  5194 | D:4      | Gained mutation: You are partially covered in thin metallic
                  | scales. (AC +2) [demonic ancestry]
  5194 | D:4      | Reached XP level 6. HP: 34/41 MP: 7/10
  5401 | D:4      | Reached skill level 4 in Summonings
  5966 | D:5      | Entered Level 5 of the Dungeon
  6424 | D:5      | HP: 7/41 [iguana (11)]
  6426 | D:5      | Reached skill level 5 in Summonings
  6792 | D:5      | Reached skill level 1 in Air Magic
  6792 | D:5      | Reached skill level 1 in Poison Magic
  6792 | D:5      | Gained mutation: Your touch may inflict minor irresistible
                  | damage on your foes. [demonic ancestry]
  6792 | D:5      | Reached XP level 7. HP: 37/46 MP: 8/11
  6879 | D:5      | Reached skill level 2 in Air Magic
  6879 | D:5      | Reached skill level 2 in Poison Magic
  7703 | D:6      | Found a large runed translucent door.
  7703 | D:6      | Found a large runed translucent door.
  7714 | D:6      | Reached skill level 3 in Poison Magic
  7717 | D:6      | HP: 7/46 [white imp/puff of frost (11)]
  7720 | D:6      | Reached skill level 3 in Air Magic
  7720 | D:6      | HP: 2/46 [white imp/puff of frost (7)]
  8143 | D:6      | Reached XP level 8. HP: 52/52 MP: 8/12
  8161 | D:6      | Reached skill level 4 in Poison Magic
  8191 | D:6      | HP: 6/52 [orc warrior/+0 trident (20)]
  8196 | D:6      | Reached skill level 4 in Air Magic
  8252 | D:6      | Found a sand-covered staircase.
  8261 | Ossuary  | Entered an ossuary
  8291 | Ossuary  | HP: 13/52 [hound zombie (2)]
  8691 | Ossuary  | Learned a level 5 spell: Fireball
  8759 | D:6      | Found a staircase to the Ecumenical Temple.
  8768 | Temple   | Entered the Ecumenical Temple
  8815 | Temple   | Became a worshipper of Gozag Ym Sagoz the Greedy
  9140 | D:6      | Reached skill level 5 in Poison Magic
  9357 | D:6      | Reached skill level 1 in Fire Magic
  9445 | D:6      | Found a shimmering altar of Xom.
  9566 | D:6      | Reached skill level 2 in Fire Magic
  9566 | D:6      | Reached skill level 5 in Air Magic
  9821 | D:6      | Reached skill level 3 in Fire Magic
 10092 | D:6      | Found a large runed translucent door.
 10093 | D:6      | Found a large runed translucent door.
 10097 | D:6      | Noticed a two-headed ogre
 10098 | D:6      | Found the +3 sling "Punk" {acid, rCorr}
 10253 | D:6      | Found a large runed translucent door.
 10253 | D:6      | Found a large runed translucent door.
 10347 | D:6      | Gained mutation: You regenerate magic rapidly. [demonic
                  | ancestry]
 10347 | D:6      | Reached XP level 9. HP: 43/57 MP: 1/14
 10462 | D:6      | Reached skill level 4 in Fire Magic
 10678 | D:6      | Got the Reference Book on the Supportive Blaze
 11299 | D:7      | Found Heosepre's General Store.
 11335 | D:7      | Reached skill level 4 in Spellcasting
 11841 | D:7      | Found Jounim's Distillery.
 11850 | D:7      | Found Zuegemy's Magic Scroll Shoppe.
 11850 | D:7      | Found Udohoudu's Book Boutique.
 11852 | D:7      | Found Ymelyrcha's Antique Armour Shop.
 11856 | D:7      | Bought a potion of mutation for 96 gold pieces
 11876 | D:7      | Bought a scroll of identify for 24 gold pieces
 11886 | D:7      | Bought the Collected Works on the Fiery Entourage for 540
                  | gold pieces
 12693 | D:8      | Noticed Erica
 12728 | D:8      | Killed Erica
 12939 | D:8      | Reached skill level 6 in Summonings
 13094 | D:8      | Learned a level 4 spell: Summon Lightning Spire
 13749 | D:8      | Reached skill level 6 in Air Magic
 13792 | D:8      | Noticed a white ugly thing
 13815 | D:8      | HP: 14/57 [white ugly thing (24)]
 13817 | D:8      | Slain by a white ugly thing

Illustrated notes

Levels and vault maps discovered:
D:1:      enne_arrival_octagon_isle, layout_basic, corner_web_ring,
          kennysheep_another_room, minivault_25, minmay_split_cup_large
D:2:      layout_rooms, serial_shops, shop_statue,
          shapermc_ecumenical_altar_notcrosses, minmay_circle_x,
          uniq_crazy_yiuf_cottage
D:3:      layout_basic, serial_shops, shop
D:4:      layout_basic
D:5:      layout_cave_pods
D:6:      due_chaos_kobolds, layout_gridville, minmay_temple_entry_wispy,
          enter_ossuary_1, minmay_hollow_rounded_squares
D:7:      layout_layer_cave, serial_shops, shop, nicolae_wooded_promenade
D:8:      layout_basic, uniq_erica
Temple:   nicolae_temple_the_god_donut

Skill      XL: |  1  2  3  4  5  6  7  8  9 |
---------------+----------------------------+-----
Conjurations   | 2 3 5 |  5.9
Summonings     | 3 5 6 |  6.2
Air Magic      | 1 3 5 6 |  6.0
Poison Magic   | 1 3 5 |  5.0
Fire Magic     | 3 4 |  4.4
Spellcasting   | 4 |  4.8
Dodging        | |  1.7
Stealth        | |  1.7
Translocations | |  0.8

Action                   |  1- 3 |  4- 6 |  7- 9 || total
-------------------------+-------+-------+-------++-------
Melee: Dagger            |    12 |       |       ||    12
       Long sword        |     7 |       |       ||     7
       Short sword       |     4 |    49 |    99 ||   152
       Punch             |       |     1 |     2 ||     3
       Touch             |       |       |    16 ||    16
 Cast: Magic Dart        |   104 |   137 |   251 ||   492
       Call Imp          |       |     1 |    16 ||    17
       Mephitic Cloud    |       |       |    11 ||    11
       Blink             |       |       |     3 ||     3
       Summon Lightning  |       |       |     8 ||     8
Evoke: Wand              |       |     3 |    12 ||    15
  Use: Potion            |       |     2 |     4 ||     6
 Stab: Confused          |       |       |     2 ||     2
Armor: Robe              |    12 |     4 |    35 ||    51
       Skin              |       |     2 |       ||     2
Dodge: Dodged            |    31 |    29 |   129 ||   189
Block: Other             |       |     8 |    48 ||    56
       Reflection        |       |       |     3 ||     3

Table legend: (Time is in decaauts)
 A = Elapsed time spent in this place.
 B = Non-inter-level travel time spent in this place.
 C = Inter-level travel time spent in this place.
 D = Time resting spent in this place.
 E = Time spent auto-exploring this place.
 F = Levels seen in this place.
 G = Mean time per level.
                   A        B        C        D        E       F      G
               +--------+--------+--------+--------+--------+-----+--------+
         Total |  13841 |  13447 |    394 |   4401 |   7459 |  10 | 1384.1 |
       Dungeon |  13134 |  12762 |    372 |   4207 |   7102 |   8 | 1641.8 |
        Temple |    266 |    244 |     22 |      0 |    215 |   1 |  266.0 |
       Ossuary |    440 |    440 |      0 |    194 |    142 |   1 |  440.0 |
               +--------+--------+--------+--------+--------+-----+--------+

Top non-repeatable levels by time:
     D:6: 2335 daAuts
     D:5: 2010 daAuts
     D:1: 1856 daAuts
     D:7: 1628 daAuts
     D:3: 1601 daAuts
     D:2: 1376 daAuts
     D:4: 1216 daAuts
     D:8: 1109 daAuts
 Ossuary: 440 daAuts
  Temple: 266 daAuts

Table legend:
 A = Kills in this place as a percentage of kills in entire the game.
 B = Kills by you in this place as a percentage of kills by you in the entire game.
 C = Kills by friends in this place as a percentage of kills by friends in the entire game.
 D = Other kills in this place as a percentage of other kills in the entire game.
 E = Experience gained in this place as a percentage of experience gained in the entire game.
 F = Experience gained in this place divided by the number of levels of this place that you have seen.
                   A       B       C       D       E      F
               +-------+-------+-------+-------+-------+----------------------
         Total | 100.0 | 100.0 | 100.0 | 100.0 | 100.0 | 473.7
       Dungeon |  91.3 |  91.8 |  83.3 | 100.0 |  97.7 | 578.5
       Ossuary |   8.7 |   8.2 |  16.7 |   0.0 |   2.3 | 109.0
               +-------+-------+-------+-------+-------+----------------------
